 Dungeon Crawl Stone Soup version 0.16.1-5-gaa23807 (console) character file.

1692102 ldf the Ninja (level 25, 199/199 HPs)
             Began as a Human Enchanter on Mar 25, 2015.
             Was a High Priest of Zin.
             Escaped with the Orb
             ... and 4 runes on Mar 28, 2015!
             The game lasted 12:56:00 (138081 turns).

ldf the Ninja (Human Enchanter)                   Turns: 138081, Time: 12:56:00

Health: 199/199    AC: 24    Str: 22    XL:     25
Magic:  28/40      EV: 41    Int: 35    God:    Zin [*****.]
Gold:   4759       SH:  9    Dex: 25    Spells: 13 memorised, 0 levels left

rFire  + + +     SeeInvis .     a - +9 quick blade (elec)
rCold  + + +     Clarity  .     c - +3 salamander hide armour {+Rage rF++}
rNeg   + + .     SustAb   .     (shield unavailable)
rPois  ∞         Gourm    .     h - +2 helmet
rElec  +         Spirit   .     j - +0 cloak of Starlight {rElec rC+ EV+4 Stlth-}
rCorr  +         Warding  +     w - +0 pair of gloves of Daisies {rElec rF+ rN+}
rMut   .         Stasis   .     U - +0 pair of boots of the Bells {rPois MR+ Int+3}
MR     +++..                    N - amulet "Qimeipt" {Ward +Blink rC++ rN+ MR+ Str-2}
Stlth  ++++......               P - ring "Stagoc" {Contam rElec AC+6 Str+4}
                                (ring unavailable)

@: mighty, brilliant, agile, vitalised, icy shield, stone skin, resistant,
flying, very slightly contaminated, hasted, repel missiles, invisible, very
quick, extremely resistant to hostile enchantments, stealthy
A: slow healing 1, missing a hand, inability to train armour, no conjurations
magic, no fire magic, no necromancy magic, inexperienced 1
a: Recite, Vitalisation, Imprison, Sanctuary, Renounce Religion, Evoke Blink,
Evoke Berserk Rage
0: Orb of Zot
}: 4/15 runes: decaying, slimy, silver, gossamer


You escaped.
You worshipped Zin.
Zin was extremely pleased with you.
You were full.

You visited 11 branches of the dungeon, and saw 64 of its levels.
You visited 1 bazaar.
You also visited: Trove and Volcano.

You collected 13867 gold pieces.
You spent 4200 gold pieces at shops.
You donated 4908 gold pieces to Zin.

Inventory:

Hand weapons
 a - a +9 quick blade of electrocution (weapon)
 b - the +6 blowgun of the Queen {evade, Str+10 Stlth-}
   (You found it on level 13 of the Dungeon)

   It affects your evasion (+5 to EV).
   It affects your strength (+10).
   It makes you less stealthy.
Missiles
 H - 4 curare-tipped needles
 O - 4 throwing nets (quivered)
Armour
 c - the +3 salamander hide armour (worn) {+Rage rF++}
   (You found it on level 3 of the Elven Halls)

   It greatly protects you from fire.
   It lets you go berserk.
 h - a +2 helmet (worn)
 j - the +0 cloak of Starlight (worn) {rElec rC+ EV+4 Stlth-}
   (You found it on level 6 of the Pits of Slime)

   It affects your evasion (+4).
   It protects you from cold.
   It insulates you from electricity.
   It makes you less stealthy.
 w - the +0 pair of gloves of Daisies (worn) {rElec rF+ rN+}
   (You found it on level 3 of the Vaults)

   It protects you from fire.
   It insulates you from electricity.
   It protects you from negative energy.
 U - the +0 pair of boots of the Bells (worn) {rPois MR+ Int+3}
   (You bought it in a shop on level 4 of the Orcish Mines)

   It affects your intelligence (+3).
   It protects you from poison.
   It affects your resistance to hostile enchantments.
Jewellery
 D - an uncursed ring of teleportation
 N - the amulet "Qimeipt" (around neck) {Ward +Blink rC++ rN+ MR+ Str-2}
   (You found it on level 15 of the Dungeon)

   [amulet of warding]

   It may prevent the melee attacks of summoned creatures.
   It affects your strength (-2).
   It greatly protects you from cold.
   It protects you from negative energy.
   It affects your resistance to hostile enchantments.
   It lets you blink.
 P - the ring "Stagoc" (right hand) {Contam rElec AC+6 Str+4}
   (You found it on level 4 of the Realm of Zot)

   [ring of protection]

   It affects your AC (+6).
   It affects your strength (+4).
   It insulates you from electricity.
   It causes magical contamination when unequipped.
 S - an uncursed ring of see invisible
 W - an uncursed amulet of resist corrosion
Magical devices
 g - a wand of invisibility (5)
 i - a wand of disintegration (6)
 k - a wand of heal wounds (6)
 o - a wand of teleportation (3)
 s - a wand of hasting (8)
 x - a wand of disintegration (24)
 B - a wand of teleportation (5)
 Q - a wand of teleportation (7)
 Y - a wand of digging (14)
Scrolls
 e - 29 scrolls of identify
 f - 8 scrolls of holy word
 r - 5 scrolls of fear
 y - 2 scrolls of magic mapping
 C - 7 scrolls of blinking
 E - 18 scrolls of remove curse
 F - 21 scrolls of teleportation
 L - a scroll of silence
 M - 8 scrolls of recharging
 R - 5 scrolls of fog
Potions
 l - a potion of might
 m - 2 potions of cancellation
 p - 5 potions of resistance
 q - 3 potions of haste
 t - 4 potions of agility
 G - 6 potions of restore abilities
 I - 18 potions of curing
 J - 9 potions of brilliance
 K - 3 potions of magic
 V - 4 potions of berserk rage
 X - a potion of heal wounds
 Z - 6 potions of invisibility
Miscellaneous
 n - a sack of spiders
 v - a sack of spiders {used: 8}
 z - a phial of floods (inert)
 T - a legendary deck of changes {the Shadow}
Comestibles
 d - 7 bread rations


   Skills:
 - Level 16.5 Fighting
 - Level 16.0(17.5) Short Blades
   Level 12.9(16.1) Long Blades
 - Level 10.0 Throwing
 - Level 18.2 Dodging
 O Level 27 Stealth
 - Level 12.1 Spellcasting
 - Level 14.8 Hexes
 - Level 6.0 Charms
 - Level 3.0 Translocations
 - Level 14.4 Transmutations
 - Level 9.0 Ice Magic
 - Level 5.0 Air Magic
 - Level 14.0 Earth Magic
 + Level 11.8 Invocations
 - Level 10.0 Evocations


You couldn't memorise any spells.
You knew the following spells:

 Your Spells              Type           Power        Failure   Level  Hunger
b - Ensorcelled Hibernat  Hex/Ice        ######       1%          2    None
c - Confuse               Hex            #######.     0%          3    None
d - Invisibility          Hex            #######.     1%          6    ####...
e - Enslavement           Hex            #######.     1%          4    None
f - Blink                 Tloc           N/A          1%          2    None
g - Passwall              Trmt/Erth      #######...   1%          3    None
h - Stoneskin             Trmt/Erth      #######.     0%          2    None
i - Spectral Weapon       Hex/Chrm       #######.     1%          3    None
j - Mass Confusion        Hex            #######...   1%          6    ####...
k - Lee's Rapid Deconstr  Erth           #######...   1%          5    None
l - Condensation Shield   Ice            #######...   1%          4    None
r - Repel Missiles        Chrm/Air       ######       1%          2    None
A - Statue Form           Trmt/Erth      #######..    1%          6    ####...


Dungeon Overview and Level Annotations

Branches:
Dungeon (15/15)            Temple (0/1) D:6            Lair (8/8) D:11
  Swamp (5/5) Lair:4       Spider (5/5) Lair:3        Slime (6/6) Lair:7
    Orc (4/4) D:9             Elf (3/3) Orc:4        Vaults (5/5) D:14
  Crypt (3/3) Vaults:2       Tomb (0/3) Crypt:3      Depths (5/5) D:15
    Zot (5/5) Depths:5

Altars:
Ashenzari
Cheibriados
Dithmenos
Elyvilon
Fedhas
Gozag
Nemelex Xobeh
Ru
Sif Muna
Vehumet
Yredelemnul
Zin
The Shining One
Beogh
Jiyva

Shops:
D:11 *%:   D:12 !   D:14 [![}[   Orc:4 [=*(   Vaults:2 :   Vaults:3 [
Vaults:5 =%}?%!

Portals:
Hell: Depths:1 Depths:2 Depths:3 Depths:4 Depths:5
Abyss: Depths:4
Pandemonium: Depths:3 Depths:5
Ziggurat: Depths:3

Annotations:
D:11 exclusion: orange crystal statue
Lair:7 exclusions: molten gargoyle and upstairs


Innate Abilities, Weirdness & Mutations

You heal slowly when monsters are visible.
You are missing a hand.
You cannot train Armour skill.
You cannot study or cast Conjurations magic.
You cannot study or cast Fire magic.
You cannot study or cast Necromancy magic.
You are somewhat inexperienced (-2 XL).


Message History

Confirm with . or Enter, or press ? or * to list all spells.
A crackling disc of dense vapour forms in the air!
Unknown command.
Unknown command.
Use which ability? (? or * to list) Zin grants you divine stamina.
Use which ability? (? or * to list) There's no appreciative audience!
Use which ability? (? or * to list)
Okay, then.
Unknown command.
Use which ability? (? or * to list)
You hear a choir sing!
You feel somewhat less full.
Unknown command.
Press: ? - help, v - describe, . - travel A staircase leading out of the dungeon.
This square lies inside a sanctuary and is covered in magical glow.
Unknown command.
You have escaped!

█....███.█ █...
███████████.....██ ██.█.
█.....>.....████.███..█.
█.████████[.........█.█.
█.█ █..███.█████... █.█
████..█ █.█ █.██
████.█████.██..█ █.█ █.█
█......█P≈.♣█..█ █.█ ██.██
█.██.███P≈@.'..█ █.█ ██...)
█.██.█ █P≈.♣██.███.███.█.██
█.██.█████.██.........███..
█.██.██.██████████████.█.██
█.██.██.█ ██.██ █.██.██.█
███ █.██.██.██ ███.██.██..█
█......███.███


There were no monsters in sight!

Vanquished Creatures
  the royal jelly (Slime:6)
  Khufu (Crypt:2)
  3 orbs of fire (Zot:5)
  5 ancient liches
  4 greater mummies
  Norris (Spider:4)
  3 caustic shrikes
  Saint Roka (Vaults:5)
  2 Killer Klowns (Zot:5)
  A curse toe (Zot:4)
  Mara (Crypt:3)
  13 golden dragons
  A profane servitor (Crypt:3)
  3 bone dragons
  Frederick (Crypt:3)
  Arachne (Spider:3)
  5 electric golems
  16 tentacled monstrosities
  The ghost of iafm the Champion of Chaos, a mighty HuEn of Makhleb (Vaults:1)
  7 titans
  A quicksilver dragon (Vaults:4)
  22 Orb Guardians (Zot:5)
  Asterion (Swamp:5)
  8 liches
  2 deep elf blademasters
  A deep elf master archer (Elf:3)
  2 octopode crushers
  4 sphinxes
  Rupert (Lair:6)
  Agnes (Spider:3)
  14 acid blobs
  21 storm dragons
  Kirke (D:14)
  10 tengu reavers
  9 shadow dragons
  5 ancient champions
  A thorn hunter (Swamp:5)
  2 revenants
  3 draconian monks (Zot:4)
  7 azure jellies
  21 vault wardens
  Donald (Elf:3)
  Wiglaf (Depths:1)
  17 frost giants
  3 draconian scorchers
  7 draconian knights
  2 iron dragons
  14 fire giants
  Aizul (Spider:5)
  2 orc warlords (Orc:3)
  12 deep elf sorcerers
  2 curse skulls (Crypt:2)
  6 draconian zealots
  11 emperor scorpions
  9 ghost moths
  5 draconian annihilators
  Jorgrun (Crypt:2)
  3 ghouls
  9 spriggan defenders
  9 ironheart preservers
  2 draconian shifters (Zot:4)
  16 very ugly things
  3 war gargoyles
  5 green draconians
  5 vampire knights
  3 reapers
  3 grey draconians
  36 stone giants
  A spectral weapon (Depths:2)
  7 draconian callers
  5 deep elf demonologists
  3 black draconians
  6 white draconians
  7 pale draconians
  9 red draconians
  4 mottled draconians
  5 dire elephants
  9 deep elf annihilators (Elf:3)
  6 purple draconians
  A lorocyproca (Depths:1)
  3 unborn
  4 yellow draconians
  2 death oozes (Slime:6)
  Snorg (Lair:4)
  3 eidola
  A minotaur (Depths:5)
  22 fire dragons
  A merfolk impaler (Depths:2)
  A merfolk javelineer (Depths:2)
  36 vault guards
  2 mummy priests (Crypt:3)
  22 ettins
  11 deep elf death magi
  22 jiangshi
  17 rakshasas
  A ghost crab (Swamp:3)
  14 death cobs
  23 hydras
  10 ogre magi
  4 deep elf high priests
  21 ice dragons
  6 spriggan air magi
  16 yaktaur captains
  11 centaur warriors
  The ghost of ew the Grappler, an experienced TrCK of Xom (D:10)
  An alligator (shapeshifter) (Depths:3)
  12 great orbs of eyes
  The ghost of ew the Grappler, an experienced TrCK of Xom (D:11)
  12 deep troll earth magi
  Erica (D:10)
  3 catoblepae
  6 deep troll shamans
  2 death knights
  4 vampire magi
  8 alligators
  11 dancing weapons
  A hell beast (Depths:5)
  40 death yaks
  A spectral storm dragon (Crypt:3)
  An orc high priest (Elf:3)
  5 spriggan berserkers
  8 spriggans
  A titan zombie (Crypt:1)
  A soul eater (Crypt:1)
  The ghost of ew the Ruffian, an experienced TrCK of Xom (D:8)
  The ghost of ew the Ruffian, an experienced TrCK of Xom (D:9)
  5 hell knights
  Nergalle (Orc:3)
  3 sun demons
  A storm dragon zombie (Crypt:1)
  25 deep elf knights
  9 iron trolls
  5 shadow wraiths
  42 skeletal warriors
  2 fire crabs
  2 ice devils
  4 unseen horrors
  A putrid demonspawn (Depths:3)
  28 deep trolls
  2 death drakes
  A giant orange brain (shapeshifter) (Depths:2)
  8 swamp dragons
  The ghost of ew the Ruffian, an experienced TrCK of Xom (D:6)
  A quicksilver dragon simulacrum (Crypt:3)
  A lindwurm (shapeshifter) (Depths:3)
  12 flayed ghosts
  2 shambling mangroves
  17 orc knights
  3 spriggan druids
  11 hill giants
  5 harpies (Vaults:4)
  11 deep elf summoners
  2 giant orange brains
  13 ironbrand convokers
  A lindwurm (Orc:2)
  12 oklob plants
  3 wizards
  9 orb spiders
  A guardian serpent (Lair:8)
  24 deep elf conjurers
  10 necromancers
  23 wolf spiders
  9 hornets
  A shining eye (Slime:6)
  An iron dragon zombie (Crypt:1)
  2 shining eyes (shapeshifter)
  A draconian (shapeshifter) (D:13)
  5 orc sorcerers
  3 manticores
  A hornet (shapeshifter) (Vaults:5)
  30 ugly things
  A moth of wrath (shapeshifter) (Depths:3)
  2 fire giant zombies (Crypt:2)
  13 phantasmal warriors
  3 cyclopes
  3 griffons
  29 moths of wrath
  2 eyes of devastation (Slime:6)
  An orange demon (Depths:3)
  A spiny frog (shapeshifter) (Vaults:5)
  19 vault sentinels
  7 black mambas
  A black mamba (shapeshifter) (Vaults:4)
  5 torpor snails
  A wolf (Lair:1)
  A gargoyle (D:11)
  2 komodo dragons (shapeshifter)
  17 spiny frogs
  4 centaur skeletons
  7 fire drakes
  3 komodo dragons
  5 guardian mummies (Crypt:3)
  A wolf spider simulacrum (Crypt:1)
  2 efreet
  58 yaktaurs
  12 deep elf priests
  11 demonic crawlers
  A kobold demonologist (Depths:1)
  10 freezing wraiths
  A purple draconian skeleton (Crypt:1)
  A harpy zombie (Crypt:2)
  A golden dragon simulacrum (Crypt:1)
  A red devil (Depths:5)
  26 yaks
  A blue devil (Depths:3)
  A queen bee (Depths:2)
  A wyvern (Lair:8)
  An iron troll skeleton (Crypt:1)
  A wind drake (shapeshifter) (Vaults:2)
  4 wandering mushrooms (D:11)
  18 two-headed ogres
  3 giant leeches
  13 jumping spiders
  4 small abominations
  Prince Ribbit (D:5)
  11 wargs
  2 two-headed ogres (shapeshifter) (Depths:2)
  A stone giant simulacrum (Crypt:1)
  8 ravens
  A trapdoor spider zombie (D:15)
  3 baby alligators (Swamp:4)
  10 bog bodies
  A death drake skeleton (Crypt:2)
  66 slime creatures
  4 boulder beetles
  An ettin zombie (Crypt:3)
  14 blink frogs
  A black mamba zombie (Crypt:2)
  8 trolls
  13 wraiths
  4 basilisks
  A centaur simulacrum (D:13)
  26 redbacks
  58 flying skulls
  20 trapdoor spiders
  14 shadows
  2 air elementals
  A ynoxinul (D:8)
  A hog (D:14)
  The ghost of soul the Skirmisher, an average MiMo (D:5)
  37 deep elf magi
  5 vampires
  18 tarantellas
  8 water elementals
  Eustachio (D:6)
  7 hippogriffs
  18 fire bats
  2 hippogriffs (shapeshifter)
  A fire elemental (Depths:2)
  24 vampire mosquitoes
  10 humans (D:14)
  23 killer bees
  4 hungry ghosts
  11 golden eyes
  32 deep elf fighters
  2 steam dragons
  25 swamp worms
  6 insubstantial wisps
  A mottled dragon (D:14)
  36 spiders
  25 water moccasins
  5 ice beasts
  5 porcupines
  A monstrous demonspawn skeleton (Crypt:1)
  14 wasps
  41 ogres
  A putrid demonspawn skeleton (Crypt:1)
  18 swamp drakes
  An eye of draining (shapeshifter) (Elf:2)
  40 orc warriors
  5 sky beasts
  4 boggarts (Depths:1)
  11 eyes of draining
  5 phantoms
  An ettin simulacrum (Crypt:3)
  A black bear (D:9)
  5 necrophages
  4 boring beetles
  4 big kobolds
  2 elf simulacra
  30 giant frogs
  A brain worm (D:13)
  20 crocodiles
  14 centaurs
  Blork the orc (Orc:1)
  A fire drake skeleton (Crypt:2)
  A yaktaur zombie (Crypt:2)
  A gnoll sergeant (D:8)
  2 wyvern skeletons
  A warg zombie (Orc:4)
  8 scorpions
  A polar bear zombie (Crypt:2)
  2 troll zombies (D:9)
  2 oklob saplings (D:11)
  19 wights
  3 electric eels
  6 crimson imps
  3 goliath beetles
  11 hounds
  23 orc priests
  A giant frog zombie (D:10)
  A quasit (D:11)
  4 centaur zombies
  16 iguanas
  4 giant frog skeletons
  Crazy Yiuf (D:6)
  A human zombie (D:14)
  22 jellies
  A basilisk skeleton (Crypt:1)
  20 worker ants
  35 orc wizards
  A human skeleton (Crypt:1)
  9 sheep
  2 ogre zombies (D:9)
  A deep dwarf zombie (Crypt:2)
  A felid skeleton (Crypt:2)
  2 worker ant zombies
  33 adders
  2 gnolls (Orc:2)
  A worm zombie (Crypt:1)
  82 river rats
  5 shadow imps
  4 worms
  A giant mite (D:3)
  An adder skeleton (D:8)
  14 oozes
  206 orcs
  5 ball pythons
  71 bats
  3 bat zombies
  28 goblins
  26 hobgoblins
  14 jackals
  27 kobolds
  14 quokkas
  6 giant cockroaches
  4 giant geckos
  2 giant gecko skeletons
  7 giant newts
  A giant spore (D:7)
  A goblin skeleton (D:9)
  A goblin zombie (Orc:2)
  2 hobgoblin zombies (D:9)
  A jackal zombie (Crypt:2)
  6 orc skeletons
  12 orc zombies
  A quokka zombie (D:9)
  32 rats
  9 ballistomycetes
  3 crawling corpses (Vaults:5)
  4 fungi
  A plant (Zot:2)
3127 creatures vanquished.

Vanquished Creatures (collateral kills)
  A golden dragon (Zot:5)
  Xtahua (Crypt:3)
  the Enchantress (Depths:5)
  Nikola (Spider:3)
  A tentacled monstrosity (Zot:4)
  A lich (Depths:3)
  A titan (Vaults:5)
  An ancient champion (Vaults:2)
  A storm dragon (Zot:1)
  A shadow dragon (Zot:1)
  A frost giant (Depths:2)
  An azure jelly (Slime:6)
  An iron dragon (Vaults:5)
  An orc warlord (Orc:4)
  2 stone giants
  A spriggan defender (Depths:5)
  2 ironheart preservers
  A red draconian (Zot:4)
  A fire dragon (Lair:8)
  A death ooze (Slime:6)
  A vault guard (Vaults:3)
  A deep elf high priest (Depths:3)
  2 yaktaur captains
  A great orb of eyes (Slime:4)
  3 hydras
  An alligator (Swamp:5)
  2 spriggan air magi
  An ogre mage (Depths:3)
  A death yak (Depths:3)
  A tengu warrior (D:13)
  2 death knights (Crypt:3)
  An orc high priest (Orc:4)
  A deep troll shaman (Depths:3)
  2 spriggan berserkers (Depths:3)
  An iron troll (Depths:3)
  A spriggan druid (Swamp:5)
  4 deep trolls (Depths:3)
  An anubis guard (shapeshifter) (Vaults:1)
  2 orc knights
  An orc sorcerer (Orc:3)
  A hill giant (D:10)
  6 slime creatures
  2 orb spiders
  A phantasmal warrior (Vaults:3)
  A shining eye (Slime:6)
  A griffon (Vaults:1)
  A necromancer (D:14)
  An elephant (shapeshifter) (Depths:3)
  3 ugly things
  4 vault sentinels
  A mottled dragon (Lair:8)
  A komodo dragon (Lair:8)
  2 spiny frogs
  2 demonic crawlers
  A freezing wraith (Vaults:2)
  A yaktaur (Vaults:3)
  2 guardian mummies (Crypt:3)
  A blink frog (Lair:4)
  3 ravens
  A two-headed ogre (Vaults:3)
  A boulder beetle (Spider:3)
  5 redbacks
  An air elemental (Depths:5)
  A basilisk (Lair:8)
  9 yaks
  2 humans (D:14)
  2 flying skulls (Crypt:3)
  A spriggan (Depths:3)
  2 tarantellas (Spider:1)
  A small abomination (Crypt:3)
  A fire bat (D:10)
  A deep elf mage (D:10)
  4 vampire mosquitoes
  A deep elf fighter (D:11)
  A hippogriff (Lair:4)
  A warg (Orc:3)
  5 insubstantial wisps (Swamp:5)
  A human zombie (D:14)
  A swamp worm (Swamp:3)
  5 water moccasins (Lair:8)
  2 wolves (Lair:1)
  A porcupine (Lair:7)
  A necrophage (Crypt:1)
  A soldier ant (D:14)
  9 spiders
  2 swamp drakes
  3 wasps
  9 orc warriors
  9 ogres
  2 crocodiles (Lair:2)
  2 giant frogs
  2 killer bees (D:11)
  2 wights (D:8)
  2 crimson imps
  A jelly (Slime:6)
  8 orc priests
  An iguana (Lair:3)
  13 orc wizards
  A sheep (Lair:3)
  An ogre zombie (D:9)
  3 adders
  4 gnolls
  9 river rats
  A shadow imp (D:8)
  46 orcs
  2 goblins
  A hobgoblin (Orc:4)
  2 jackals (D:11)
  4 bats
  2 goblin zombies (D:9)
  A hobgoblin zombie (D:9)
  3 kobolds (D:9)
  An orc skeleton (D:9)
  5 orc zombies
  4 rats (D:11)
  A ballistomycete (D:13)
  A crawling corpse (Vaults:5)
296 creatures vanquished.

Vanquished Creatures (others)
  2 caustic shrikes (Depths:3)
  A golden dragon (Vaults:4)
  A lich (Vaults:4)
  A sphinx (Depths:4)
  4 tengu reavers
  A storm dragon (Zot:4)
  A revenant (Crypt:1)
  A draconian monk (Zot:1)
  A fire giant (Vaults:4)
  2 frost giants
  3 vault wardens
  A draconian shifter (Depths:5)
  A grey draconian (Zot:5)
  2 ironheart preservers (Vaults:4)
  A lorocyproca (Depths:1)
  A pale draconian (Zot:5)
  A mottled draconian (Zot:4)
  A vampire knight (Depths:3)
  2 yaktaur captains (Vaults:5)
  3 death cobs
  A jiangshi (Crypt:1)
  A deep elf high priest (Elf:3)
  A minotaur (Depths:3)
  A rakshasa (Depths:4)
  An ogre mage (Vaults:3)
  A death yak (Depths:2)
  17 spectral weapons
  2 deep troll shamans (Depths:3)
  2 skeletal warriors
  A spriggan druid (Swamp:5)
  6 deep trolls
  An unseen horror (D:13)
  A deep elf summoner (Elf:1)
  4 swamp dragons (Swamp:5)
  A flayed ghost (Depths:4)
  An ironbrand convoker (Vaults:4)
  2 wolf spiders (Vaults:3)
  5 spiny frogs
  An orb spider (Spider:4)
  2 draconian zombies (Zot:4)
  An ugly thing (Depths:3)
  A hornet (shapeshifter) (Vaults:3)
  3 orc sorcerers
  3 wolves (Lair:1)
  2 vault sentinels
  2 black mambas
  2 red draconian zombies (Zot:4)
  Psyche (Orc:3)
  A blink frog (Lair:4)
  A gargoyle (D:9)
  A komodo dragon (Lair:1)
  A mottled draconian zombie (Zot:4)
  A fire drake (Lair:8)
  2 trolls
  4 yaktaurs
  A jumping spider (Spider:3)
  8 water elementals
  8 humans (D:14)
  2 polar bears (Depths:3)
  A baby alligator (Swamp:4)
  5 slime creatures
  A boulder beetle (Vaults:4)
  14 orc warriors
  3 ravens
  10 redbacks
  8 trapdoor spiders
  A spriggan (Depths:3)
  A basilisk (Lair:2)
  2 deep elf magi
  3 flying skulls (Crypt:3)
  A tarantella (Spider:3)
  A fire bat (D:10)
  2 deep elf fighters (Elf:2)
  4 vampire mosquitoes
  A chaos spawn (Orc:4)
  3 wargs
  12 yaks
  A swamp worm (Swamp:2)
  A water moccasin (Swamp:1)
  8 spiders
  5 swamp drakes
  An ice beast (D:12)
  3 ogres
  8 lost souls
  A crocodile (Lair:1)
  3 centaurs
  4 giant frogs
  A big kobold (D:9)
  A scorpion (Spider:3)
  2 wights (D:8)
  4 killer bees
  A crimson imp (D:12)
  A giant frog zombie (D:9)
  2 hounds (D:9)
  2 orc priests
  3 orc wizards
  A sheep (Lair:7)
  An ogre zombie (D:9)
  2 gnolls (D:8)
  3 river rats
  A shadow imp (D:6)
  2 adder skeletons (D:9)
  4 orc zombies
  3 orcs
  A bat (D:11)
  3 giant spores
  A hobgoblin zombie (D:9)
  A quokka (D:5)
  A rat (D:11)
  8 fungi
  2 plants
287 creatures vanquished.

Grand Total: 3710 creatures vanquished

Notes
Turn   | Place    | Note
--------------------------------------------------------------
     0 | D:1      | ldf, the Human Enchanter, began the quest for the Orb.
     0 | D:1      | Reached XP level 1. HP: 13/13 MP: 3/3
   219 | D:1      | Reached XP level 2. HP: 16/19 MP: 2/4
   709 | D:1      | Reached XP level 3. HP: 24/24 MP: 6/6
   713 | D:1      | Learned a level 2 spell: Ensorcelled Hibernation
   717 | D:1      | Learned a level 3 spell: Confuse
  1309 | D:2      | Reached skill level 4 in Stealth
  2082 | D:2      | Reached XP level 4. HP: 30/30 MP: 7/7
  2987 | D:3      | Reached skill level 5 in Stealth
  2987 | D:3      | Reached XP level 5. HP: 16/35 MP: 6/9
  4141 | D:3      | Reached XP level 6. HP: 31/41 MP: 7/10
  4249 | D:3      | Learned a level 3 spell: Dazzling Spray
  5477 | D:3      | Reached skill level 6 in Stealth
  6230 | D:4      | Reached XP level 7. HP: 43/46 MP: 7/12
  7160 | D:4      | You fall through a shaft for 3 floors!
  7161 | D:7      | GOOD
  7175 | D:7      | Reached skill level 7 in Stealth
  7205 | D:7      | Found a sacrificial altar of Ru.
  7218 | D:7      | Became a worshipper of Ru the Awakened
  7354 | D:6      | Found a snail-covered altar of Cheibriados.
  7452 | D:6      | Noticed ew's ghost (experienced TrCK)
  7453 | D:6      | oh shit
  7459 | D:6      | Reached skill level 5 in Short Blades
  7595 | D:7      | Reached XP level 8. HP: 52/52 MP: 13/13
  8020 | D:6      | Reached skill level 8 in Stealth
  8148 | D:5      | Entered Level 5 of the Dungeon
  8687 | D:5      | Noticed soul's ghost (average MiMo)
  9388 | D:4      | Noticed an ogre
  9450 | D:4      | Killed an ogre
  9726 | D:5      | Learned a level 4 spell: Enslavement
  9742 | D:5      | Reached skill level 5 in Hexes
 10146 | D:5      | Reached XP level 9. HP: 33/57 MP: 16/18
 10337 | D:5      | Found a white marble altar of Elyvilon.
 10356 | D:5      | Gained mutation: You are somewhat inexperienced (-2 XL). [Ru sacrifice]
 10356 | D:5      | Reached XP level 8. HP: 52/52 MP: 17/17
 10356 | D:5      | Reached XP level 7. HP: 46/46 MP: 15/15
 10356 | D:5      | Acquired Ru's first power
 10473 | D:5      | Killed soul's ghost
 10638 | D:5      | Noticed Prince Ribbit
 11005 | D:5      | Killed Prince Ribbit
 11005 | D:5      | Reached XP level 8. HP: 30/52 MP: 16/18
 11598 | D:6      | Found a shadowy altar of Dithmenos.
 11736 | D:6      | Found a staircase to the Ecumenical Temple.
 11774 | D:6      | Noticed Eustachio
 11778 | D:6      | Killed Eustachio
 11829 | D:6      | Noticed Crazy Yiuf
 11835 | D:6      | Killed Crazy Yiuf
 12075 | D:6      | Noticed a slime creature
 12088 | D:6      | Reached skill level 1 in Fighting
 12455 | D:6      | Reached XP level 9. HP: 59/59 MP: 13/19
 12553 | D:6      | Killed a slime creature
 12697 | D:6      | Reached skill level 5 in Dodging
 12854 | D:6      | Found a staircase to the Ecumenical Temple.
 12944 | D:6      | Found a shadowy altar of Dithmenos.
 12953 | D:6      | Found a snail-covered altar of Cheibriados.
 13725 | D:6      | Noticed an eight-headed hydra
 13833 | D:7      | Found an opulent altar of Gozag.
 13870 | D:7      | Got a steaming war axe
 14454 | D:7      | Identified the cursed +0 war axe "Khesieh" {chop, +Rage rN+} (You found it on level 7 of the Dungeon)
 14898 | D:7      | Gained mutation: You heal slowly when monsters are visible. [Ru sacrifice]
 14898 | D:7      | Acquired Ru's second power
 16133 | D:8      | Reached XP level 10. HP: 62/69 MP: 2/20
 16577 | D:8      | Noticed ew's ghost (experienced TrCK)
 17039 | D:9      | Noticed ew's ghost (experienced TrCK)
 18250 | D:9      | Found a deep blue altar of Sif Muna.
 18563 | D:9      | Found a staircase to the Orcish Mines.
 18593 | D:9      | Reached skill level 9 in Stealth
 18845 | D:9      | Got a twisted robe
 18958 | D:9      | Found a radiant altar of Vehumet.
 18960 | D:9      | Found a shattered altar of Ashenzari.
 18974 | D:9      | Identified the +2 robe of Imerasy {MR+ MP+9 Str+6 Dex-2} (You found it on level 9 of the Dungeon)
 19158 | D:9      | Gained mutation: You cannot train Armour skill. [Ru sacrifice]
 19158 | D:9      | Acquired Ru's third power
 19174 | D:9      | Noticed a gargoyle
 19183 | D:9      | a gargoyle (ally) was killed
 19531 | D:10     | Entered Level 10 of the Dungeon
 19894 | D:10     | Noticed ew's ghost (experienced TrCK)
 20154 | D:10     | Noticed Erica
 20258 | D:11     | Reached skill level 10 in Stealth
 20464 | D:11     | Reached XP level 11. HP: 53/75 MP: 14/21
 20487 | D:11     | Found Clorr's Book Shop.
 20520 | D:11     | Found Frugofac's Assorted Antiques.
 20532 | D:11     | Bought a notched moonstone ring for 145 gold pieces
 20532 | D:11     | Bought a lumpy coppery potion for 26 gold pieces
 20532 | D:11     | Bought a gold wand for 116 gold pieces
 20532 | D:11     | Bought a scroll labeled FOOZXUX ALERR for 29 gold pieces
 20532 | D:11     | Bought a murky inky potion for 26 gold pieces
 20537 | D:11     | Noticed a hill giant
 20547 | D:11     | Noticed ew's ghost (experienced TrCK)
 20872 | D:11     | Found Foukel's Food Emporium.
 20872 | D:11     | Noticed a hill giant
 20877 | D:11     | Killed a hill giant
 20892 | D:11     | Reached skill level 11 in Stealth
 20962 | D:11     | Noticed an orange crystal statue
 20972 | D:11     | Noticed a gargoyle
 20980 | D:11     | Killed a gargoyle
 20983 | D:11     | Got a spiked buckler
 21008 | D:11     | Identified the cursed -8 buckler of Inevitability {rN+ Str-3 Dex+5} (You found it on level 11 of the Dungeon)
 21091 | D:11     | Found a staircase to the Lair.
 21097 | Lair:1   | Entered Level 1 of the Lair of Beasts
 21099 | Lair:1   | Got a faintly humming chain mail
 21114 | Lair:1   | Identified the cursed -4 chain mail "Ojolli Tamu" {rElec rPois} (You found it on level 1 of the Lair of Beasts)
 21550 | Lair:1   | Noticed a five-headed hydra
 21691 | Lair:1   | Gained mutation: You cannot study or cast Fire magic. [Ru sacrifice]
 21691 | Lair:1   | Gained mutation: You cannot study or cast Necromancy magic. [Ru sacrifice]
 21691 | Lair:1   | Gained mutation: You cannot study or cast Conjurations magic. [Ru sacrifice]
 21691 | Lair:1   | Acquired Ru's fourth power
 21740 | Lair:1   | Killed a five-headed hydra
 21838 | Lair:1   | Reached skill level 12 in Stealth
 22753 | Lair:2   | Noticed a six-headed hydra
 22964 | Lair:2   | Killed a six-headed hydra
 23082 | Lair:2   | Noticed a six-headed hydra
 23124 | Lair:2   | Noticed a five-headed hydra
 23126 | Lair:2   | Killed a five-headed hydra
 23126 | Lair:2   | Reached skill level 5 in Spellcasting
 23126 | Lair:2   | Reached XP level 12. HP: 81/84 MP: 24/24
 23309 | Lair:2   | Got a bloodstained cloak
 23409 | Lair:2   | Killed a six-headed hydra
 23839 | Lair:2   | Reached skill level 5 in Fighting
 24709 | Lair:3   | Found a hole to the Spider Nest.
 25381 | Lair:4   | Noticed a five-headed hydra
 25397 | Lair:4   | Killed a five-headed hydra
 26038 | Lair:4   | Found a staircase to the Swamp.
 26510 | Lair:4   | Noticed Snorg
 26521 | Lair:4   | Killed Snorg
 26521 | Lair:4   | Reached skill level 10 in Hexes
 26743 | Lair:4   | Reached XP level 13. HP: 93/93 MP: 26/26
 27135 | Lair:5   | Identified the +1 cloak of Ywucrom {Str+7} (You found it on level 2 of the Lair of Beasts)
 27534 | Lair:5   | Reached skill level 10 in Short Blades
 28145 | Lair:6   | Reached skill level 1 in Ice Magic
 28535 | Lair:6   | Got a heavily runed ring mail
 28546 | Lair:6   | Identified the cursed -4 ring mail "Friunic" {+Fly MR+ Str-3 Int+4 Slay-2} (You found it on level 6 of the Lair of Beasts)
 28686 | D:11     | Bought a scroll of remove curse for 87 gold pieces
 28686 | D:11     | Bought a scroll of fear for 101 gold pieces
 28869 | Lair:6   | Noticed Rupert
 30245 | Lair:7   | Found a viscous altar of Jiyva.
 30446 | Lair:7   | Found a staircase to the Slime Pits.
 30727 | Lair:7   | Learned a level 2 spell: Repel Missiles
 30730 | Lair:7   | Learned a level 2 spell: Blink
 31323 | Lair:8   | Entered Level 8 of the Lair of Beasts
 31402 | Lair:8   | Gained mutation: You are missing a hand. [Ru sacrifice]
 31402 | Lair:8   | Acquired Ru's fifth power
 32096 | D:6      | Killed ew's ghost
 32221 | D:6      | Reached skill level 13 in Stealth
 32325 | D:6      | Found a shadowy altar of Dithmenos.
 32334 | D:6      | Found a snail-covered altar of Cheibriados.
 32423 | D:6      | Killed an eight-headed hydra
 32527 | D:6      | Found a staircase to the Ecumenical Temple.
 33120 | D:8      | Killed ew's ghost
 33394 | D:9      | Found a staircase to the Orcish Mines.
 33576 | D:9      | Killed ew's ghost
 33733 | D:9      | Found a deep blue altar of Sif Muna.
 33994 | D:10     | Killed ew's ghost
 34150 | D:10     | Reached skill level 10 in Dodging
 34180 | D:10     | Noticed a hill giant
 34205 | D:10     | Killed a hill giant
 34469 | D:10     | Found a glowing golden altar of the Shining One.
 34516 | D:10     | Found a runed door.
 34526 | D:10     | Found a radiant altar of Vehumet.
 34712 | D:10     | Found a snail-covered altar of Cheibriados.
 34931 | D:10     | Found a sacrificial altar of Ru.
 34976 | D:10     | Found a basalt altar of Yredelemnul.
 35005 | D:10     | Reached XP level 14. HP: 100/100 MP: 22/27
 35101 | D:10     | Found a shadowy altar of Dithmenos.
 35206 | D:10     | Noticed a hill giant
 35226 | D:10     | Killed a hill giant
 35421 | D:10     | Noticed an unseen horror
 35446 | D:10     | Killed an unseen horror
 35978 | D:10     | Killed Erica
 36056 | D:11     | Killed a hill giant
 36800 | Lair:8   | Reached skill level 14 in Stealth
 36810 | Lair:8   | Got a steaming rapier
 36811 | Lair:8   | Identified the +1 rapier "Schuw" {venom, -Tele +Inv Int+2 Stlth+} (You found it on level 8 of the Lair of Beasts)
 36836 | Lair:8   | Got an ancient scale mail
 36869 | Lair:7   | Identified the +3 scale mail of the Blind Marksman {+Inv MP+9 SInv} (You found it on level 8 of the Lair of Beasts)
 38091 | Lair:8   | Reached skill level 5 in Evocations
 38377 | Lair:8   | Paralysed by a hornet for 4 turns
 39733 | Lair:8   | Noticed a fire dragon
 40214 | D:11     | Found a blossoming altar of Fedhas.
 40410 | D:11     | Killed ew's ghost
 40552 | D:11     | Noticed a manticore
 40560 | D:11     | Killed a manticore
 40912 | D:12     | Found Plog's Distillery.
 40920 | D:12     | Bought a potion of heal wounds for 70 gold pieces
 40920 | D:12     | Bought a potion of flight for 42 gold pieces
 40942 | D:12     | Found a glowing silver altar of Zin.
 41102 | D:12     | Found a sparkling altar of Nemelex Xobeh.
 41666 | D:12     | Reached XP level 15. HP: 100/105 MP: 28/28
 42111 | D:12     | Reached skill level 10 in Evocations
 42886 | Orc:1    | Entered Level 1 of the Orcish Mines
 42916 | Orc:1    | Noticed Blork the orc
 42923 | Orc:1    | Killed Blork the orc
 43266 | Orc:2    | Found a dark tunnel.
 43448 | Volcano  | Entered a volcano
 44713 | Orc:3    | Noticed Psyche
 44727 | Orc:3    | fuck
 44731 | Orc:3    | Psyche (ally) was killed
 44731 | Orc:3    | Your ally died
 45236 | Orc:3    | Noticed Nergalle
 45251 | Orc:3    | Killed Nergalle
 45554 | Orc:3    | Noticed an orc warlord
 45566 | Orc:3    | Killed an orc warlord
 45638 | Orc:3    | Noticed an orc warlord
 45647 | Orc:3    | Killed an orc warlord
 46039 | Orc:3    | Identified the Collected Works on Burning Conjuration (You found it on level 3 of the Orcish Mines)
 46075 | Orc:3    | Identified Doijeuh's Volume of Combat Magic
 46278 | Orc:3    | Reached skill level 15 in Stealth
 47200 | Orc:4    | Entered Level 4 of the Orcish Mines
 47927 | Orc:4    | Noticed an orc warlord
 47948 | Orc:4    | Killed an orc warlord
 48124 | Orc:4    | Paralysed by an orc sorcerer for 7 turns
 48508 | Orc:4    | Found a roughly hewn altar of Beogh.
 48697 | Orc:4    | Found Mota Gust's Antique Armour Shop.
 48707 | Orc:4    | Found Phuntiul's Jewellery Shop.
 48818 | Orc:4    | Found Qaivoj's General Store.
 48834 | Orc:4    | Found Coil's Antique Weapon Shop.
 49005 | Orc:4    | Found a staircase to the Elven Halls.
 49388 | Orc:4    | Bought the +0 pair of boots of the Bells {rPois MR+ Int+3} for 441 gold pieces
 49388 | Orc:4    | Bought a potion of might for 64 gold pieces
 49388 | Orc:4    | Bought a potion of haste for 160 gold pieces
 49422 | Orc:4    | Bought a quick blade for 465 gold pieces
 49439 | Orc:4    | Bought an uncursed amulet of rage for 520 gold pieces
 49730 | D:10     | Noticed a flayed ghost
 49739 | D:10     | Killed a flayed ghost
 49745 | D:10     | Got a jewelled short sword
 49746 | D:10     | Identified the +11 short sword of Lallolorog {flame, -Cast rC+ Str+3 Dex+2} (You found it on level 10 of the Dungeon)
 50078 | D:13     | Gained mutation: You are agile. (Dex +2) [potion of beneficial mutation]
 50424 | D:13     | Noticed an unseen horror
 50447 | D:13     | Killed an unseen horror
 50685 | D:13     | Reached XP level 16. HP: 98/111 MP: 29/29
 50771 | D:13     | Got a twisted blowgun
 50772 | D:13     | Identified the +6 blowgun of the Queen {evade, Str+10 Stlth-} (You found it on level 13 of the Dungeon)
 51166 | D:13     | Learned a level 6 spell: Invisibility
 51894 | D:14     | Found Ijeill's Armour Shop.
 52242 | D:14     | Found Mnablaga's Antique Armour Shoppe.
 52299 | D:14     | Found a radiant altar of Vehumet.
 52376 | D:14     | Bought a pair of dazzling gloves for 256 gold pieces
 52386 | D:14     | Identified the +1 pair of gloves of the Blessed Realm {rElec rC- Int+4} (You bought it in a shop on level 14 of the Dungeon)
 52398 | D:14     | Bought a pair of runed boots for 121 gold pieces
 52398 | D:14     | Bought an embroidered cloak for 121 gold pieces
 52635 | D:14     | Found Rugadd's Armour Boutique.
 52736 | D:14     | Found Meunloju's Gadget Shop.
 52919 | D:14     | Found Mabruryrch's Distillery.
 53019 | D:14     | Noticed Kirke
 53371 | D:14     | Gained mutation: You are dopey. (Int -2) [potion of mutation]
 53371 | D:14     | Gained mutation: You are partially covered in iridescent scales (AC +4). [potion of mutation]
 53429 | D:14     | Found a gate to the Vaults.
 53701 | D:15     | Entered Level 15 of the Dungeon
 53750 | D:15     | Found a staircase to the Depths.
 54671 | D:15     | Noticed a storm dragon
 54671 | D:15     | Noticed a storm dragon
 55089 | D:15     | Killed a storm dragon
 55217 | D:15     | Killed a storm dragon
 55294 | D:15     | Got a glittering diamond amulet
 55299 | D:15     | Identified the amulet "Qimeipt" {Ward +Blink rC++ rN+ MR+ Str-2} (You found it on level 15 of the Dungeon)
 55308 | D:15     | Got a shimmering broad axe
 55309 | D:15     | Identified the +2 broad axe of Cowardice {venom, rPois Int+4 Dex-4} (You found it on level 15 of the Dungeon)
 55964 | D:14     | Learned a level 3 spell: Passwall
 56048 | D:14     | Killed Kirke
 56369 | Lair:6   | Killed Rupert
 56763 | Lair:8   | Killed a fire dragon
 56952 | Swamp:1  | Entered Level 1 of the Swamp
 57139 | Swamp:1  | Learned a level 2 spell: Stoneskin
 57548 | Swamp:2  | Reached XP level 17. HP: 117/117 MP: 29/29
 58321 | Swamp:1  | Identified a scroll of acquirement
 59297 | Swamp:2  | Learned a level 3 spell: Spectral Weapon
 60236 | Swamp:3  | Reached skill level 1 in Charms
 60776 | Swamp:3  | Reached skill level 1 in Transmutations
 60874 | Swamp:3  | Reached skill level 1 in Earth Magic
 60876 | Swamp:3  | Reached skill level 1 in Translocations
 60876 | Swamp:3  | Reached skill level 1 in Air Magic
 61011 | Swamp:4  | nice
 61934 | Swamp:5  | Entered Level 5 of the Swamp
 62325 | Swamp:5  | Noticed Asterion
 62426 | Swamp:5  | Killed Asterion
 62698 | Swamp:5  | Reached skill level 15 in Dodging
 62904 | Swamp:5  | Got a decaying rune of Zot
 63203 | Swamp:5  | Reached XP level 18. HP: 117/123 MP: 30/30
 64208 | Spider:1 | Entered Level 1 of the Spider Nest
 65110 | Spider:2 | Reached skill level 16 in Stealth
 65533 | Spider:3 | Noticed Agnes
 65858 | Spider:3 | Noticed Nikola
 65875 | Spider:3 | Killed Nikola
 65886 | Spider:3 | Noticed Arachne
 66213 | Spider:3 | Killed Agnes
 66230 | Spider:3 | Killed Arachne
 67330 | Spider:4 | Noticed Norris
 67382 | Spider:4 | Killed Norris
 67776 | Spider:5 | Entered Level 5 of the Spider Nest
 67994 | Spider:5 | Noticed Aizul
 68175 | Spider:5 | Killed Aizul
 68885 | Spider:5 | Learned a level 6 spell: Mass Confusion
 69001 | Spider:5 | Reached skill level 17 in Stealth
 69016 | Spider:5 | Reached XP level 19. HP: 131/131 MP: 9/33
 69469 | Spider:5 | Got a gossamer rune of Zot
 69949 | Vaults:1 | Entered Level 1 of the Vaults
 70014 | Vaults:1 | Noticed iafm's ghost (mighty HuEn)
 70035 | Vaults:1 | Killed iafm's ghost
 71016 | Vaults:1 | Reached skill level 18 in Stealth
 71646 | Vaults:1 | Got a spiked scale mail
 71759 | D:14     | Identified the cursed -2 scale mail of Fun {-Cast Regen+ rCorr Str+3} (You found it on level 1 of the Vaults)
 72568 | Vaults:2 | Found Femub's Gadget Shop.
 72720 | Vaults:1 | Upgraded the game from 0.16.0-18-g484a79e to 0.16.1-4-g8e1b745
 72921 | Vaults:2 | Found a staircase to the Crypt.
 73454 | Vaults:2 | Found Yqupsit's Book Emporium.
 73476 | Vaults:2 | Found a gateway to a bazaar.
 74257 | Bazaar   | Entered a bazaar
 74262 | Bazaar   | Found Oxoimum's Jewellery Emporium.
 74271 | Bazaar   | Found Eluatu's Assorted Antiques.
 74277 | Bazaar   | Found Twyriw's Assorted Antiques.
 74290 | Bazaar   | Found Plar's Book Shoppe.
 74376 | Bazaar   | Bought a potion of curing for 48 gold pieces
 74376 | Bazaar   | Bought a potion of resistance for 160 gold pieces
 74376 | Bazaar   | Bought a potion of curing for 48 gold pieces
 74376 | Bazaar   | Bought a notched granite ring for 80 gold pieces
 74388 | Bazaar   | Bought a potion of curing for 69 gold pieces
 74388 | Bazaar   | Bought a scroll of blinking for 172 gold pieces
 74397 | Bazaar   | Bought the ring "Atofrepn" {rElec rPois rF+ Dex-5 Stlth-} for 155 gold pieces
 74397 | Bazaar   | whaaaat
 74400 | Bazaar   | FML
 74645 | Vaults:2 | Reached XP level 20. HP: 137/141 MP: 34/34
 74846 | Vaults:3 | Got a pair of crude gloves
 74857 | Vaults:3 | Identified the cursed +0 pair of gloves of Daisies {rElec rF+ rN+} (You found it on level 3 of the Vaults)
 74873 | Vaults:3 | Reached skill level 19 in Stealth
 74924 | Vaults:3 | Found Ukhlipsej's Armour Shop.
 74938 | Vaults:3 | Found a staircase to the Crypt.
 75261 | Vaults:3 | fucker
 75978 | Vaults:3 | Noticed a tentacled monstrosity
 76018 | Vaults:3 | Killed a tentacled monstrosity
 77067 | Vaults:4 | Reached skill level 20 in Stealth
 77112 | Vaults:4 | Got a jewelled cloak
 77123 | Vaults:4 | Identified the +0 cloak "Pholiph" {-Cast Regen+ Str+2} (You found it on level 4 of the Vaults)
 77242 | Vaults:4 | Noticed a golden dragon
 77778 | Vaults:4 | Reached XP level 21. HP: 143/152 MP: 35/35
 77905 | Vaults:4 | Reached skill level 10 in Fighting
 78468 | Vaults:4 | Killed a golden dragon
 78468 | Vaults:4 | Reached skill level 5 in Earth Magic
 78550 | Vaults:4 | Reached skill level 5 in Transmutations
 79268 | Elf:1    | Entered Level 1 of the Elven Halls
 79847 | Elf:1    | Found a radiant altar of Vehumet.
 80593 | D:14     | Learned a level 5 spell: Lee's Rapid Deconstruction
 81609 | Elf:2    | Found a runed gate.
 81609 | Elf:2    | Found a runed gate.
 81611 | Elf:2    | Found a runed gate.
 81682 | Elf:3    | Entered Level 3 of the Elven Halls
 81778 | Elf:3    | Noticed Donald
 81810 | Elf:3    | Killed Donald
 82831 | Elf:2    | Reached XP level 22. HP: 158/160 MP: 32/36
 83567 | Elf:3    | Reached skill level 10 in Earth Magic
 83689 | Elf:3    | Reached skill level 1 in Throwing
 84216 | Elf:3    | Identified a +2 rod of ignition (9/9) (You took it off a deep elf knight on level 3 of the Elven Halls)
 84436 | Elf:3    | Got a wavering platinum ring
 84439 | Elf:3    | Identified the ring of the Omega Point {rN+ Int+2 Stlth+} (You took it off a deep elf high priest on level 3 of the Elven Halls)
 84795 | Elf:3    | Got a brightly glowing swamp dragon armour
 84806 | Elf:3    | Identified the +4 swamp dragon armour of Trog's Supremacy {rPois rC+ Str-5 Stlth+} (You found it on level 3 of the Elven Halls)
 85049 | Elf:3    | Got a steaming leather armour
 85060 | Elf:3    | Identified the cursed -1 leather armour "Joepoonu" {Int+6} (You found it on level 3 of the Elven Halls)
 85540 | Crypt:1  | Entered Level 1 of the Crypt
 86279 | Crypt:1  | Noticed an ancient lich
 86282 | Crypt:1  | Killed an ancient lich
 87900 | Crypt:1  | Reached skill level 21 in Stealth
 88164 | Crypt:1  | Reached XP level 23. HP: 169/169 MP: 31/37
 88485 | Crypt:1  | Reached skill level 5 in Throwing
 88911 | Crypt:3  | Entered Level 3 of the Crypt
 89426 | Crypt:2  | Noticed a greater mummy
 89426 | Crypt:2  | Noticed a greater mummy
 89427 | Crypt:2  | Noticed Khufu
 89427 | Crypt:2  | Noticed a greater mummy
 89430 | Crypt:2  | oops
 89442 | Crypt:2  | Killed a greater mummy
 89474 | Crypt:2  | Killed Khufu
 89485 | Crypt:2  | Killed a greater mummy
 89504 | Crypt:2  | Killed a greater mummy
 92161 | Crypt:2  | Identified the Almanac of Flying Attacks
 92317 | Crypt:2  | Noticed Jorgrun
 92335 | Crypt:2  | Killed Jorgrun
 92659 | Crypt:3  | Reached skill level 15 in Short Blades
 93429 | Crypt:2  | Reached skill level 22 in Stealth
 93680 | Crypt:3  | Found a basalt altar of Yredelemnul.
 93683 | Crypt:3  | Noticed Frederick
 93690 | Crypt:3  | Killed Frederick
 93729 | Crypt:3  | Reached XP level 24. HP: 147/178 MP: 32/37
 93972 | Crypt:3  | Noticed Xtahua
 93984 | Crypt:3  | Killed Xtahua
 94084 | Crypt:3  | Noticed Mara
 94094 | Crypt:3  | damn
 94190 | Crypt:3  | Killed Mara
 95136 | Crypt:3  | Noticed a greater mummy
 96711 | Crypt:3  | Killed a greater mummy
 96711 | Crypt:3  | Reached skill level 23 in Stealth
 96863 | Crypt:3  | Found a staircase to the Tomb.
 96889 | Crypt:3  | Identified the Handbook of the Dark Glacier
 96894 | Crypt:3  | Learned a level 3 spell: Ozocubu's Armour
 97204 | Depths:1 | Entered Level 1 of the Depths
 97232 | Depths:1 | casual: <3 mass confusion
 97384 | Depths:1 | Found a gateway to Hell.
 97620 | Depths:1 | Noticed Wiglaf
 97644 | Depths:1 | Killed Wiglaf
 98122 | Depths:1 | Reached skill level 5 in Air Magic
 98141 | Depths:1 | Reached skill level 5 in Charms
 98544 | Depths:1 | Reached skill level 5 in Ice Magic
 98611 | Depths:1 | casual: You have just drowned a good hat!
 98611 | Depths:1 | really?
 98787 | Depths:1 | casual: Every octopode crusher has a hat, most enchanted/branded.
 98805 | Depths:1 | let's pretend it was cursed -1
 98911 | Depths:1 | Reached XP level 25. HP: 186/186 MP: 26/38
 98958 | Depths:1 | casual: Here: A cursed -2 Hat of the Alchemist.
 98958 | Depths:1 | pff
 98961 | Depths:1 | i prefer AC
 99008 | Depths:2 | casual: STATUEFORRRRRM!
 99008 | Depths:2 | dunno
 99013 | Depths:2 | casual: Statue+Stoneskin=all the AC you'll ever need.
 99013 | Depths:2 | but slow
 99013 | Depths:2 | don't have haste
 99062 | Depths:2 | casual: Slow doesn't matter when nothing can damage you.
 99077 | Depths:2 | can be a good idea actually
 99146 | Depths:2 | casual: See? A hat.
 99148 | Depths:2 | GREAT HAT
 99183 | Depths:2 | Reached skill level 10 in Spellcasting
 99209 | Depths:2 | casual: The great one is under the waaaaves~~~
 99214 | Depths:2 | it was -1, remember?
 99230 | Depths:2 | fuck this level
 99614 | Depths:2 | good ol' hive
 99707 | Depths:2 | casual: Lol, first time I actually see someone that hadsacrificed his hand.
 99707 | Depths:2 | did that second time
 99765 | Depths:2 | who need hand, i have another
100140 | Depths:2 | casual: Why don't you use 2x ice buffs?
100140 | Depths:2 | keep forgetting
100349 | Depths:3 | Found a gateway to a ziggurat.
101449 | Swamp:1  | Learned a level 6 spell: Statue Form
102420 | Depths:2 | Found a runed door.
103043 | Depths:3 | hi
103043 | Depths:3 | time for truth
103046 | Depths:3 | casual: WAT
103093 | Depths:3 | casual: Ozo+shield would probably be a good idea.
103093 | Depths:3 | i don't have shield
103093 | Depths:3 | but i have ozo up
103411 | Depths:3 | casual: Y U NO LEARN SHIELD if you're onehanded?
103411 | Depths:3 | don't like shields
103425 | Depths:3 | casual: Well the spell is kinda free.
104217 | Depths:2 | Got a fine glass ring
104219 | Depths:2 | Identified the ring of the Many Ships {Wiz rF- rC+ rN+ Str-5 Dex-3} (You took it off a spriggan defender on level 2 of the Depths)
105296 | Depths:3 | casual: Use Ru cblink?
105730 | Depths:3 | Found a one-way gate leading to the halls of Pandemonium.
105849 | Depths:4 | Found a one-way gate to the infinite horrors of the Abyss.
105920 | Depths:3 | Reached skill level 10 in Transmutations
106208 | Depths:4 | Found a portal to a secret trove of treasure.
106219 | Depths:4 | i'm kinda sleepy so i don't think too much :)
107868 | Depths:4 | casual: inb4 100 stones
107874 | Depths:4 | You paid a toll of a +5 demon trident to enter a treasure trove
107875 | Trove    | Entered a treasure trove
107876 | Trove    | great
107905 | Trove    | casual: Niec.
107925 | Depths:4 | casual: Now you do have haste ,,,^..^,,,
107927 | Depths:4 | Got a translucent helmet
107938 | Depths:4 | Identified the +1 helmet "Murphorch" {MR+} (You acquired it on level 4 of the Depths)
107938 | Depths:4 | ;\
107953 | Depths:4 | casual: Yours was better.
107953 | Depths:4 | i know
108010 | Depths:3 | hmm
108011 | Depths:3 | casual: You can use books for amnesia.
108011 | Depths:3 | i have enough
108011 | Depths:3 | casual: kk
108715 | Depths:1 | Learned a level 4 spell: Condensation Shield
108775 | Depths:5 | Entered Level 5 of the Depths
109895 | Depths:4 | Got a pair of ichor-stained gloves
109906 | Depths:4 | Identified the +1 pair of gloves of Untold Secrets {Str+3 Dex+3} (You found it on level 4 of the Depths)
110278 | Depths:5 | Noticed the Enchantress
110295 | Depths:5 | Killed the Enchantress
110334 | Depths:5 | Got a faerie dragon armour
110335 | Depths:5 | Identified the +3 faerie dragon armour {Dex+4} (You took it off the Enchantress on level 5 of the Depths)
110805 | Depths:5 | casual: Got Warp Weapon?
110805 | Depths:5 | nope
111287 | Depths:5 | Found a gate to the Realm of Zot.
112409 | Depths:2 | casual: Thank you for your rc, I'm now meddling with unicode characters.
112409 | Depths:2 | for walls?
112409 | Depths:2 | casual: Looks really cool.
112463 | Depths:2 | casual: Not *just* walls! Errything!
112463 | Depths:2 | gl
112487 | Depths:2 | casual: http://jrgraphix.net/r/Unicode/2600-26FF
112487 | Depths:2 | lol
112487 | Depths:2 | i take it from the guy
112487 | Depths:2 | who had smile for the char
112487 | Depths:2 | and smile become sad when low on hp
112501 | Depths:2 | casual: Nice. I'm going to use the smiley for ash scan.
112520 | Depths:2 | hey
113021 | Depths:2 | Noticed a caustic shrike
113025 | Depths:2 | Killed a caustic shrike
113039 | Depths:2 | Identified a +7 rod of the swarm (12/12) (You found it on level 2 of the Depths)
113349 | Depths:2 | Got a sparkling glass ring
113351 | Depths:2 | Identified the ring "Pniss" {rN+ AC+4 Str-2 Dex+4 Stlth+} (You found it on level 2 of the Depths)
113851 | Depths:2 | Reached skill level 5 in Long Blades
114219 | Slime:1  | Entered Level 1 of the Pits of Slime
115065 | Slime:6  | Entered Level 6 of the Pits of Slime
115829 | Slime:6  | Reached skill level 10 in Long Blades
115846 | Slime:6  | Noticed the royal jelly
115888 | Slime:6  | Found a viscous altar of Jiyva.
115965 | Slime:6  | Killed the royal jelly
116495 | Slime:6  | Identified the Tome of Fiery Attacks
116498 | Slime:6  | Got a slimy rune of Zot
116500 | Slime:6  | Identified Orefusat's Compendium of Earth
117358 | Vaults:5 | Entered Level 5 of the Vaults
117506 | Vaults:5 | Noticed Saint Roka
117536 | Vaults:5 | Killed Saint Roka
117536 | Vaults:5 | Reached skill level 24 in Stealth
119000 | Vaults:5 | Noticed an ancient lich
119034 | Vaults:5 | Killed an ancient lich
119034 | Vaults:5 | Reached skill level 25 in Stealth
121737 | Vaults:5 | Gained mutation: You are very dopey. (Int -4) [a shining eye]
121768 | Vaults:5 | Got a jewelled ring mail
121769 | Vaults:5 | Identified the +0 ring mail "Trid" {Regen+} (You took it off an orc priest on level 5 of the Vaults)
122283 | Vaults:5 | Found Kixziax's Food Boutique.
122354 | Vaults:5 | Found Ghykhlyu's Food Shoppe.
122373 | Vaults:5 | Found Celuerr's Distillery.
122410 | Vaults:5 | Found Pounkos' Magic Scroll Shoppe.
122506 | Vaults:5 | Got a silver rune of Zot
122597 | Vaults:5 | Reached skill level 26 in Stealth
122646 | Vaults:5 | Found Tufykk's Gadget Boutique.
123029 | Vaults:5 | casual: What are your plans for this one?
123034 | Vaults:5 | won nem choice
123050 | Vaults:5 | Found Iloij's Jewellery Emporium.
123065 | Vaults:5 | and abandon ru for something
123301 | Vaults:5 | casual: Kek. Go chei unarmed statue for lulz.
123301 | Vaults:5 | i want to win nem choice
123301 | Vaults:5 | not to splat
123881 | Zot:1    | Entered Level 1 of the Realm of Zot
124010 | Zot:2    | why don't you play in the tourney?
124081 | Zot:2    | casual: Because:
124081 | Zot:2    | wtf is this
124081 | Zot:2    | casual: CBRO 0.17-a, L27 HOFi of Cheibriados
124081 | Zot:2    | casual: CLAN 0.17-a, L27 FoFi of Dithmenos
124082 | Zot:2    | casual: CSZO 0.17-a, L27 OpIE of Cheibriados
124091 | Zot:2    | casual: CXC 0.17-a, L27 FeBe of Cheibriados
124116 | Zot:2    | casual: I'm too lazy to play in the tournament.
124140 | Zot:3    | they are all trunk!
124141 | Zot:3    | casual: I create lots of chars and switch between them whenever I feel like it.
124145 | Zot:2    | this vault
124233 | Zot:2    | casual: I like the one with burning bushes and all kinds of things better.
124248 | Zot:2    | is it over
124687 | Zot:4    | Reached skill level 27 in Stealth
124767 | Zot:3    | casual: I need to go AFK for ~1hour. GL!
124767 | Zot:3    | ty
125094 | Zot:5    | Entered Level 5 of the Realm of Zot
125631 | Zot:4    | Identified a +2 rod of the swarm (12/12) (You found it on level 4 of the Realm of Zot)
127539 | Zot:5    | damn
128865 | Vaults:5 | Bought a potion of haste for 200 gold pieces
128865 | Vaults:5 | Bought a potion of might for 80 gold pieces
128865 | Vaults:5 | Bought a potion of might for 80 gold pieces
130017 | Zot:4    | Upgraded the game from 0.16.1-4-g8e1b745 to 0.16.1-5-gaa23807
130057 | Zot:5    | Noticed an orb of fire
130057 | Zot:5    | Lost mutation: You are agile. (Dex +2) [an orb of fire]
130084 | Zot:5    | fuck
130109 | Zot:5    | Killed an orb of fire
130367 | Zot:5    | Noticed an ancient lich
130405 | Zot:5    | Noticed an orb of fire
130468 | Zot:5    | Killed an orb of fire
130485 | Zot:5    | Noticed an ancient lich
130506 | Zot:5    | Killed an ancient lich
130700 | Zot:4    | this is going bad
130726 | Zot:5    | Killed an ancient lich
130726 | Zot:5    | Reached skill level 15 in Fighting
130726 | Zot:5    | Reached skill level 10 in Throwing
131518 | Zot:5    | Noticed an orb of fire
131541 | Zot:5    | Gained mutation: Your body is slowly deteriorating. [an orb of fire]
131542 | Zot:5    | Gained mutation: Your magical capacity is low (-10% MP). [an orb of fire]
131558 | Zot:5    | Gained mutation: You are weak. (Str -2) [an orb of fire]
131568 | Zot:5    | Killed an orb of fire
131689 | Zot:5    | Noticed an ancient lich
131693 | Zot:5    | Killed an ancient lich
132881 | D:12     | Fell from the grace of Ru
132881 | D:12     | Became a worshipper of Zin the Law-Giver
132881 | D:12     | Acquired Zin's first power
132881 | D:12     | Acquired Zin's second power
132882 | D:12     | Donated 4748 gold pieces to Zin
132896 | D:13     | Acquired Zin's third power
133122 | Zot:1    | Acquired Zin's fourth power
133309 | Zot:1    | Was placed under penance by Zin
133310 | Zot:1    | oops sorry
133334 | Zot:1    | Reached skill level 5 in Invocations
133353 | Zot:1    | damn
133482 | Zot:1    | Was forgiven by Zin
133763 | D:11     | Bought a bread ration for 60 gold pieces
133763 | D:11     | Bought a meat ration for 60 gold pieces
133763 | D:11     | Bought a meat ration for 60 gold pieces
133763 | D:11     | Bought a beef jerky for 18 gold pieces
133763 | D:11     | Bought a bread ration for 60 gold pieces
133763 | D:11     | Bought a bread ration for 60 gold pieces
134914 | Zot:4    | Got a translucent platinum ring
134928 | Zot:4    | Identified the ring "Stagoc" {Contam rElec AC+6 Str+4} (You found it on level 4 of the Realm of Zot)
136305 | Zot:2    | Reached skill level 10 in Invocations
137352 | Zot:5    | Noticed an orb of fire
137371 | Zot:5    | Received a gift from Zin
137371 | Zot:5    | Lost mutation: You are partially covered in iridescent scales (AC +4). [Zin's power]
137371 | Zot:5    | Lost mutation: Your body is slowly deteriorating. [Zin's power]
137371 | Zot:5    | Lost mutation: You are very dopey. (Int -4) [Zin's power]
137371 | Zot:5    | Lost mutation: You are dopey. (Int -2) [Zin's power]
137371 | Zot:5    | Lost mutation: Your magical capacity is low (-10% MP). [Zin's power]
137371 | Zot:5    | Lost mutation: You are weak. (Str -2) [Zin's power]
137381 | Zot:5    | Got the Orb of Zot
137435 | Zot:5    | Noticed Bluifug the pandemonium lord
137627 | Depths:4 | Noticed a seraph
138081 | D:$      | Escaped with the Orb!

Action                   |  1- 3 |  4- 6 |  7- 9 | 10-12 | 13-15 | 16-18 | 19-21 | 22-24 | 25-27 || total
-------------------------+-------+-------+-------+-------+-------+-------+-------+-------+-------++-------
Melee: Dagger            |   142 |   182 |   366 |   786 |  2517 |   407 |       |       |       ||  4400
       Short sword       |     7 |   140 |   156 |   187 |    28 |   153 |       |       |       ||   671
       Rapier            |       |       |   129 |       |       |       |       |       |       ||   129
       Quick blade       |       |       |       |       |     2 |  1122 |  1690 |  2244 |  4304 ||  9362
       Double sword      |       |       |       |       |       |       |       |       |   242 ||   242
       Demon trident     |       |       |       |       |       |       |       |       |    48 ||    48
       Unarmed           |       |       |       |       |       |       |       |       |    23 ||    23
 Fire: Hunting sling     |       |     1 |       |       |       |       |       |       |       ||     1
       Blowgun           |       |       |     5 |       |       |     8 |       |    16 |    31 ||    60
Throw: Stone             |     9 |    17 |    12 |       |       |       |       |       |       ||    38
       Tomahawk          |       |       |     1 |       |       |       |       |       |       ||     1
       Throwing net      |       |       |       |       |       |       |       |       |     7 ||     7
 Cast: Corona            |    14 |    21 |    17 |     1 |    11 |     1 |    13 |    11 |       ||    89
       Ensorcelled Hiber |       |    21 |    87 |    58 |   192 |   187 |    41 |     2 |    58 ||   646
       Confuse           |       |    17 |    32 |    32 |   111 |    80 |    18 |     5 |    49 ||   344
       Enslavement       |       |       |     4 |    88 |   135 |   121 |    57 |    24 |   103 ||   532
       Repel Missiles    |       |       |       |       |     2 |     1 |     7 |     3 |     9 ||    22
       Blink             |       |       |       |       |     1 |       |     1 |       |     3 ||     5
       Passwall          |       |       |       |       |       |     4 |       |       |     1 ||     5
       Spectral Weapon   |       |       |       |       |       |     5 |     2 |     8 |    64 ||    79
       Invisibility      |       |       |       |       |       |     6 |     9 |    15 |    45 ||    75
       Stoneskin         |       |       |       |       |       |     2 |     2 |     8 |   106 ||   118
       Mass Confusion    |       |       |       |       |       |     1 |    41 |    16 |    38 ||    96
       Lee's Rapid Decon |       |       |       |       |       |       |       |     9 |     1 ||    10
       Ozocubu's Armour  |       |       |       |       |       |       |       |     5 |    30 ||    35
       Condensation Shie |       |       |       |       |       |       |       |       |   102 ||   102
       Statue Form       |       |       |       |       |       |       |       |       |    21 ||    21
Invok: Sacrifice Experie |       |       |     1 |       |       |       |       |       |       ||     1
       Sacrifice Purity  |       |       |     1 |       |       |       |       |       |       ||     1
       Sacrifice Durabil |       |       |       |     1 |       |       |       |       |       ||     1
       Sacrifice Arcana  |       |       |       |     1 |       |       |       |       |       ||     1
       Reject Sacrifices |       |       |       |     1 |     1 |       |       |       |       ||     2
       Sacrifice a Hand  |       |       |       |       |     1 |       |       |       |       ||     1
       Draw Out Power    |       |       |       |       |     3 |     1 |       |       |     2 ||     6
       Apocalypse        |       |       |       |       |     2 |     1 |     3 |     3 |     8 ||    17
       Power Leap        |       |       |       |       |       |     1 |       |     1 |     1 ||     3
       Imprison          |       |       |       |       |       |       |       |       |     4 ||     4
       Vitalisation      |       |       |       |       |       |       |       |       |     2 ||     2
       Recite            |       |       |       |       |       |       |       |       |     1 ||     1
       Sanctuary         |       |       |       |       |       |       |       |       |     1 ||     1
       Cure All Mutation |       |       |       |       |       |       |       |       |     1 ||     1
 Abil: Evoke Invisibilit |       |       |       |       |    12 |     9 |       |       |       ||    21
       Turn Visible      |       |       |       |       |     1 |     6 |       |       |       ||     7
       Evoke Berserk Rag |       |       |       |       |       |       |       |     4 |     2 ||     6
       End Transformatio |       |       |       |       |       |       |       |       |    15 ||    15
       Evoke Blink       |       |       |       |       |       |       |       |       |     1 ||     1
Evoke: Wand              |       |     1 |     3 |     2 |       |     1 |     1 |     7 |    23 ||    38
       Phial of floods   |       |       |       |       |       |       |     1 |       |     6 ||     7
       Sack of spiders   |       |       |       |       |       |       |       |     4 |     5 ||     9
  Use: Scroll            |     4 |     6 |    11 |    13 |    16 |    11 |     7 |     3 |    42 ||   113
       Potion            |       |     2 |     7 |     1 |     4 |     8 |       |    17 |    23 ||    62
 Stab: Sleeping          |    10 |    15 |    46 |    62 |   145 |   156 |   101 |    53 |   211 ||   799
       Distracted        |     1 |     2 |     2 |    10 |    20 |    17 |    13 |    26 |    90 ||   181
       Confused          |       |     4 |    16 |    20 |    75 |    49 |    52 |    12 |    48 ||   276
       Betrayed ally     |       |       |       |     4 |    11 |    10 |     2 |       |     7 ||    34
       Invisible         |       |       |       |     4 |    51 |    55 |    32 |    69 |   240 ||   451
       Paralysed         |       |       |       |       |    13 |     3 |     6 |    10 |    22 ||    54
       Petrifying        |       |       |       |       |     1 |     1 |       |       |       ||     2
       Petrified         |       |       |       |       |     1 |       |       |       |       ||     1
       Held in net/web   |       |       |       |       |       |       |       |     1 |     6 ||     7
  Eat: Chunk             |     4 |    16 |    21 |    41 |    68 |    52 |    46 |    19 |    52 ||   319
       Beef jerky        |       |     1 |       |       |       |     3 |     1 |     1 |     4 ||    10
       Royal jelly       |       |       |     2 |       |     1 |       |     1 |       |     6 ||    10
       Pizza             |       |       |     1 |     2 |     2 |     3 |       |     1 |     2 ||    11
       Meat ration       |       |       |     3 |     2 |     4 |     3 |     3 |     5 |     6 ||    26
       Fruit             |       |       |       |     1 |     2 |     2 |     4 |     3 |     7 ||    19
       Bread ration      |       |       |       |       |     2 |     1 |       |     5 |    17 ||    25
